A- WEST
VISALIA RAWHIDE @ LANCASTER JETHAWKS
09/08/2041
 
TOP OF THE 1ST
Visalia Rawhide batting - Pitching for Lancaster Jethawks : RHP José Ramírez
Pitching: RHP José Ramírez
Batting: LHB Mike Washington 0-0: Foul Ball, location: 7LSF
0-1: Fly out, F8 (Flyball, 8RM, EV 85.6 MPH)
Batting: RHB Bob Shaw 0-0: Foul Ball, location: 2RF
0-1: Ball
1-1: Ground out 6-3 (Groundball, 6, EV 107.5 MPH)
Batting: RHB Toby Jones 0-0: Ball
1-0: Ball
2-0: Ball
3-0: Base on Balls
Batting: RHB Sebastião Hassan 0-0: Called Strike
0-1: Fly out, F9 (Flyball, 9S, EV 88.1 MPH)
Top of the 1st over - 0 runs, 0 hits, 0 errors, 1 left on base; Visalia 0 - Lancaster 0
BOTTOM OF THE 1ST
Lancaster Jethawks batting - Pitching for Visalia Rawhide : RHP Jim Rogers
Pitching: RHP Jim Rogers
Batting: LHB Sam O'Hamill 0-0: Ball
1-0: SINGLE (Groundball, 34S, EV 70.6 MPH) (infield hit)
Batting: LHB Rob Glenn 0-0: Ball
Sam O'Hamill is caught stealing 2nd base 2-6
1-0: Called Strike
1-1: Ball
2-1: Ball
3-1: Fly out, F6 (Popup, 4MD, EV 66.9 MPH)
Batting: RHB Jerry Patton 0-0: Ball
1-0: Ground out 5-3 (Groundball, 56S, EV 85.0 MPH)
Bottom of the 1st over - 0 runs, 1 hit, 0 errors, 0 left on base; Visalia 0 - Lancaster 0
TOP OF THE 2ND
Visalia Rawhide batting - Pitching for Lancaster Jethawks : RHP José Ramírez
Batting: RHB Tex McNeill 0-0: Called Strike
0-1: Foul Ball, location: 9LMF
0-2: Strikes out swinging
Batting: RHB Mike Haydon 0-0: Foul Ball, location: 2F
0-1: TRIPLE (Flyball, 89XD, EV 102.5 MPH)
Batting: LHB Jayden Wilcox 0-0: Called Strike
0-1: Ball
1-1: Ball
2-1: Foul Ball, location: 7LMF
2-2: Foul Ball, location: 23F
2-2: Strikes out looking
Batting: RHB Tim Bishop 0-0: Called Strike
0-1: Foul Ball, location: 3DF
0-2: Ball
1-2: Ground out 5-3 (Groundball, 5S, EV 85.6 MPH)
Top of the 2nd over - 0 runs, 1 hit, 0 errors, 1 left on base; Visalia 0 - Lancaster 0
BOTTOM OF THE 2ND
Lancaster Jethawks batting - Pitching for Visalia Rawhide : RHP Jim Rogers
Batting: LHB Quentin Jacobs 0-0: Ground out 6-3 (Groundball, 6, EV 85.0 MPH)
Batting: RHB Jeremy Scott 0-0: Ball
1-0: Ball
2-0: Ground out 6-3 (Groundball, 6, EV 102.5 MPH)
Batting: SHB Jorge Sánchez 0-0: Called Strike
0-1: Fly out, F8 (Flyball, 8RD, EV 80.6 MPH)
Bottom of the 2nd over - 0 runs, 0 hits, 0 errors, 0 left on base; Visalia 0 - Lancaster 0
TOP OF THE 3RD
Visalia Rawhide batting - Pitching for Lancaster Jethawks : RHP José Ramírez
Batting: RHB José Jiménez 0-0: Foul Ball, location: 2F
0-1: Ball
1-1: Ball
2-1: Ground out 5-3 (Groundball, 56, EV 87.5 MPH)
Batting: LHB Mike Washington 0-0: Called Strike
0-1: Fly out, F8 (Line Drive, 8LM, EV 91.9 MPH)
Batting: RHB Bob Shaw 0-0: Ball
1-0: Ball
2-0: Called Strike
2-1: Foul Ball, location: 2F
2-2: Ball
3-2: Ground out 5-3 (Groundball, 56, EV 82.5 MPH)
Top of the 3rd over - 0 runs, 0 hits, 0 errors, 0 left on base; Visalia 0 - Lancaster 0
BOTTOM OF THE 3RD
Lancaster Jethawks batting - Pitching for Visalia Rawhide : RHP Jim Rogers
Batting: RHB Kevin Wadley 0-0: Ball
1-0: Ball
2-0: DOUBLE (Flyball, 8LXD, EV 105.0 MPH)
Batting: RHB Jeff Phillips 0-0: Ball
1-0: Swinging Strike
1-1: Bunted foul
1-2: Ball
2-2: Ball
3-2: SINGLE (Groundball, 4MD, EV 102.5 MPH)
Kevin Wadley to third
Runner from 3rd tries for Home, SAFE, throw by CF to home
Batting: RHB Raúl Solís 0-0: Called Strike
0-1: Sac Bunt to 23 - play at first, batter OUT! 3-4
Jeff Phillips to second
Batting: LHB Sam O'Hamill 0-0: Ball
1-0: Fly out, F8 (Flyball, 78D, EV 108.1 MPH)
Batting: LHB Rob Glenn 0-0: Foul Ball, location: 2F
0-1: Called Strike
0-2: Strikes out looking
Bottom of the 3rd over - 1 run, 2 hits, 0 errors, 1 left on base; Visalia 0 - Lancaster 1
TOP OF THE 4TH
Visalia Rawhide batting - Pitching for Lancaster Jethawks : RHP José Ramírez
Batting: RHB Toby Jones 0-0: Swinging Strike
0-1: Swinging Strike
0-2: Strikes out looking
Batting: RHB Sebastião Hassan 0-0: Ball
1-0: Swinging Strike
1-1: Ball
2-1: Foul Ball, location: 2F
2-2: Strikes out swinging
Batting: RHB Tex McNeill 0-0: Ball
1-0: Ball
2-0: Called Strike
2-1: Ball
3-1: Ground out 6-3 (Groundball, 6, EV 88.8 MPH)
Top of the 4th over - 0 runs, 0 hits, 0 errors, 0 left on base; Visalia 0 - Lancaster 1
BOTTOM OF THE 4TH
Lancaster Jethawks batting - Pitching for Visalia Rawhide : RHP Jim Rogers
Batting: RHB Jerry Patton 0-0: Ball
1-0: Called Strike
1-1: Swinging Strike
1-2: DOUBLE (Flyball, 78D, EV 107.5 MPH)
Batting: LHB Quentin Jacobs 0-0: Called Strike
0-1: Ball
1-1: Swinging Strike
1-2: Foul Ball, location: 3F
1-2: SINGLE (Groundball, 34D, EV 101.9 MPH)
Jerry Patton to third
Batting: RHB Jeremy Scott 0-0: Called Strike
0-1: Called Strike
0-2: Ball
1-2: Ball
2-2: Strikes out swinging
Batting: SHB Jorge Sánchez 0-0: Ball
1-0: Ball
2-0: Ball
Quentin Jacobs is caught stealing 2nd base 2-6
3-0: Called Strike
3-1: Called Strike
3-2: Strikes out swinging
Bottom of the 4th over - 0 runs, 2 hits, 0 errors, 1 left on base; Visalia 0 - Lancaster 1
TOP OF THE 5TH
Visalia Rawhide batting - Pitching for Lancaster Jethawks : RHP José Ramírez
Batting: RHB Mike Haydon 0-0: Ball
1-0: Called Strike
1-1: Ball
2-1: Ball
3-1: Foul Ball, location: 25FF
3-2: Base on Balls
Batting: LHB Jayden Wilcox 0-0: Ball
1-0: Called Strike
Mike Haydon is caught stealing 2nd base 2-6
1-1: Swinging Strike
1-2: Ball
2-2: Ball
3-2: SINGLE (Line Drive, 4MD, EV 68.1 MPH)
Batting: RHB Tim Bishop 0-0: Foul Ball, location: 9LSF
0-1: Called Strike
0-2: Ball
Jayden Wilcox steals 2nd base
1-2: Foul Ball, location: 25FF
1-2: Ball
Wild Pitch!
Jayden Wilcox to third
2-2: DOUBLE (Line Drive, 5D, EV 100.6 MPH)
Jayden Wilcox scores
Batting: RHB José Jiménez 0-0: Called Strike
0-1: Ball
1-1: Ground out 3-1 (Groundball, 34, EV 98.1 MPH)
Tim Bishop to third
Batting: LHB Mike Washington 0-0: Ball
Passed Ball!
Tim Bishop scores
1-0: Called Strike
1-1: Foul Ball, location: 7LDF
1-2: Ball
2-2: Foul Ball, location: 2F
2-2: Ball
3-2: Strikes out looking
Top of the 5th over - 2 runs, 2 hits, 0 errors, 0 left on base; Visalia 2 - Lancaster 1
BOTTOM OF THE 5TH
Lancaster Jethawks batting - Pitching for Visalia Rawhide : RHP Jim Rogers
Batting: RHB Kevin Wadley 0-0: Called Strike
0-1: Fly out, F9 (Flyball, 9LM, EV 91.9 MPH)
Batting: RHB Jeff Phillips 0-0: Ball
1-0: Foul Ball, location: 2F
1-1: Ball
2-1: Ball
3-1: Foul Ball, location: 2F
3-2: Base on Balls
Batting: RHB Raúl Solís 0-0: Ball
1-0: Ground out 5-3 (Groundball, 56S, EV 68.8 MPH)
Jeff Phillips to second
Batting: LHB Sam O'Hamill 0-0: Called Strike
0-1: Foul Ball, location: 3FF
0-2: Fly out, F4 (Line Drive, 34D, EV 71.3 MPH)
Bottom of the 5th over - 0 runs, 0 hits, 0 errors, 1 left on base; Visalia 2 - Lancaster 1
TOP OF THE 6TH
Visalia Rawhide batting - Pitching for Lancaster Jethawks : RHP José Ramírez
Batting: RHB Bob Shaw 0-0: Called Strike
0-1: Fly out, F7 (Flyball, 7, EV 85.0 MPH)
Pitching: RHP Jesús Moreno
Batting: RHB Toby Jones 0-0: Called Strike
0-1: Ball
1-1: Foul Ball, location: 5FF
1-2: Ball
2-2: Ball
3-2: Base on Balls
Batting: RHB Sebastião Hassan 0-0: Ball
1-0: Called Strike
1-1: Ball
2-1: Foul Ball, location: 5F
2-2: Strikes out swinging
Batting: RHB Tex McNeill 0-0: Foul Ball, location: 23FF
0-1: Ball
1-1: Ball
2-1: Fly out, F6 (Line Drive, 6, EV 66.9 MPH)
Top of the 6th over - 0 runs, 0 hits, 0 errors, 1 left on base; Visalia 2 - Lancaster 1
BOTTOM OF THE 6TH
Lancaster Jethawks batting - Pitching for Visalia Rawhide : RHP Jim Rogers
Batting: LHB Rob Glenn 0-0: Ball
1-0: Ball
2-0: SINGLE (Line Drive, 8LS, EV 100.0 MPH)
Batting: RHB Jerry Patton 0-0: Fly out, F9 (Line Drive, 9, EV 98.1 MPH)
Batting: LHB Quentin Jacobs 0-0: Foul Ball, location: 23FF
0-1: Ball
1-1: Foul Ball, location: 5F
1-2: Fly out, F9 (Flyball, 9D, EV 102.5 MPH)
Batting: RHB Jeremy Scott 0-0: Ball
1-0: Ball
2-0: Called Strike
2-1: Fly out, F8 (Line Drive, 8LM, EV 108.8 MPH)
Bottom of the 6th over - 0 runs, 1 hit, 0 errors, 1 left on base; Visalia 2 - Lancaster 1
TOP OF THE 7TH
Visalia Rawhide batting - Pitching for Lancaster Jethawks : RHP Jesús Moreno
Batting: RHB Mike Haydon 0-0: Ball
1-0: Ball
2-0: Ball
3-0: Called Strike
3-1: Foul Ball, location: 5FF
3-2: DOUBLE (Line Drive, 78XD, EV 106.9 MPH)
Batting: LHB Jayden Wilcox 0-0: Called Strike
0-1: Foul Ball, location: 2F
0-2: Ball
1-2: Ball
2-2: Ball
3-2: Base on Balls
Batting: RHB Tim Bishop 0-0: Ball
1-0: Ball
2-0: Called Strike
2-1: Ball
3-1: Foul Ball, location: 3DF
3-2: Foul Ball, location: 25FF
3-2: SINGLE (Line Drive, 9LS, EV 99.4 MPH)
Mike Haydon to third
Jayden Wilcox to second
Batting: RHB José Jiménez 0-0: Called Strike
0-1: Fly out, F9 (Flyball, 9, EV 90.6 MPH)
Runner from 3rd tags up, SCORES, throw by RF
Batting: LHB Mike Washington 0-0: Ball
1-0: Foul Ball, location: 2F
1-1: Swinging Strike
1-2: Foul Ball, location: 2F
1-2: Strikes out swinging
Batting: RHB Bob Shaw 0-0: Swinging Strike
0-1: Ball
1-1: Called Strike
1-2: Foul Ball, location: 2F
1-2: Strikes out looking
Top of the 7th over - 1 run, 2 hits, 0 errors, 2 left on base; Visalia 3 - Lancaster 1
BOTTOM OF THE 7TH
Lancaster Jethawks batting - Pitching for Visalia Rawhide : RHP Jim Rogers
Batting: SHB Jorge Sánchez 0-0: Ball
1-0: Ball
2-0: Ball
3-0: Base on Balls
Pinch Hitting: RHB Oliver Álvarez 0-0: Foul Ball, location: 2F
0-1: Ball
1-1: Ball
2-1: Ground out 6-3 (Groundball, P, EV 88.8 MPH)
Jorge Sánchez to second
Pitching: RHP Jon Johnson
Pinch Hitting: RHB Sam Dunn 0-0: SINGLE (Groundball, 6MD, EV 95.6 MPH)
Jorge Sánchez to third
Runner from 3rd tries for Home, throw by CF and OUT! 8-2
Sam Dunn to second
Pinch Hitting: RHB Héctor Tovar 0-0: Ball
1-0: SINGLE (Groundball, 34D, EV 96.9 MPH)
Sam Dunn to third
Runner from 3rd tries for Home, SAFE, throw by RF to home
Batting: LHB Sam O'Hamill 0-0: Ball
1-0: Ball
2-0: Called Strike
2-1: Swinging Strike
2-2: Strikes out swinging
Bottom of the 7th over - 1 run, 2 hits, 0 errors, 1 left on base; Visalia 3 - Lancaster 2
TOP OF THE 8TH
Visalia Rawhide batting - Pitching for Lancaster Jethawks : RHP Jesús Moreno
Now at 2B: Oliver Álvarez
Now at 3B: Sam Dunn
Now in RF: Luis Antonio Abreu
Batting: RHB Toby Jones 0-0: Foul Ball, location: 5F
0-1: Foul Ball, location: 25F
0-2: Foul Ball, location: 9LMF
0-2: Ball
1-2: Ground out 6-3 (Groundball, 6M, EV 110.0 MPH)
Batting: RHB Sebastião Hassan 0-0: Called Strike
0-1: Fly out, F7 (Flyball, 78S, EV 80.0 MPH)
Batting: RHB Tex McNeill 0-0: Ball
1-0: Called Strike
1-1: Foul Ball, location: 7LMF
1-2: Ball
2-2: Foul Ball, location: 3FF
2-2: Ball
3-2: Ground out 4-3 (Groundball, 34D, EV 99.4 MPH)
Top of the 8th over - 0 runs, 0 hits, 0 errors, 0 left on base; Visalia 3 - Lancaster 2
BOTTOM OF THE 8TH
Lancaster Jethawks batting - Pitching for Visalia Rawhide : RHP Jon Johnson
Batting: LHB Rob Glenn 0-0: Ball
1-0: Swinging Strike
1-1: Swinging Strike
1-2: Hit by Pitch
Batting: RHB Jerry Patton 0-0: Ball
1-0: Ball
2-0: Called Strike
2-1: Ball
3-1: Base on Balls
Rob Glenn to second
Batting: LHB Quentin Jacobs 0-0: Swinging Strike
0-1: Swinging Strike
0-2: Strikes out swinging
Pinch Hitting: LHB Tony Costello 0-0: Ball
1-0: Grounds into double play, 5-4-3 (Groundball, 56S, EV 81.9 MPH)
Bottom of the 8th over - 0 runs, 0 hits, 0 errors, 1 left on base; Visalia 3 - Lancaster 2
TOP OF THE 9TH
Visalia Rawhide batting - Pitching for Lancaster Jethawks : RHP Jesús Moreno
Pitching: LHP Manny Salazar
Now at C: Dan King
Batting: RHB Mike Haydon 0-0: Ball
1-0: Called Strike
1-1: SINGLE (Groundball, 6MD, EV 110.0 MPH)
Pinch Hitting: RHB Álex Martínez 0-0: Swinging Strike
0-1: Ball
1-1: Ball
2-1: Called Strike
2-2: Strikes out swinging
Batting: RHB Tim Bishop 0-0: Ball
1-0: Swinging Strike
1-1: Ball
2-1: Swinging Strike
2-2: Ball
3-2: Strikes out swinging
Pinch Hitting: RHB Lou Dawson 0-0: Ball
1-0: Foul Ball, location: 2F
1-1: Ball
2-1: Ball
3-1: Base on Balls
Mike Haydon to second
Batting: LHB Mike Washington 0-0: Called Strike
0-1: Swinging Strike
0-2: Strikes out looking
Top of the 9th over - 0 runs, 1 hit, 0 errors, 2 left on base; Visalia 3 - Lancaster 2
BOTTOM OF THE 9TH
Lancaster Jethawks batting - Pitching for Visalia Rawhide : RHP Jon Johnson
Pitching: LHP Darrell Sears
Now at C: Mariano Pérez
Now in CF: Shawn Moore
Now in RF: Lou Dawson
Pinch Hitting: RHB Derek Law 0-0: SINGLE (Groundball, 6MD, EV 105.0 MPH)
Batting: RHB Oliver Álvarez 0-0: Sac Bunt to 15 - play at first, batter OUT! 1-3
Derek Law to second
Batting: RHB Sam Dunn 0-0: Called Strike
0-1: Foul Ball, location: 3FF
0-2: Ground out 5-3 (Groundball, 56, EV 102.5 MPH)
Pinch Hitting: RHB Mike Jenkins 0-0: Ball
1-0: Foul Ball, location: 2F
1-1: Ball
2-1: Called Strike
2-2: Strikes out swinging
Bottom of the 9th over - 0 runs, 1 hit, 0 errors, 1 left on base; Visalia 3 - Lancaster 2
Monday, April 1st , 2024 - OOTP Baseball 24.10 Build 82